Griffins vs Comets

Created - Sunday, March 27, 2016 at 03:08

Goals
1 2 3 T
Griffins 0 0 0 0
Comets 0 2 0 2
Shots
1 2 3 T
Griffins 4 3 6 13
Comets 9 8 6 23

1st period

No Goal

Penalties :
Mark Mancari (GRG) for Roughing (Minor) at 1:40, Andrew Ference (UTI) for Roughing (Minor) at 8:56, Scott Glennie (UTI) for High sticking (Minor) at 14:32, Jay Beagle (UTI) for Tripping (Minor) at 17:49

2nd period

1. Comets , Mike Sislo 13 (Tyler Kennedy) at 7:58
2. Comets , Reid Boucher 18 (Jay Beagle) at 15:09

Penalties :
Jared Boll (UTI) for Fighting (Major) at 1:13, Mark Mancari (GRG) for Fighting (Major) at 1:13, Tim Schaller (GRG) for Holding (Minor) at 3:14, Mike Angelidis (GRG) for Holding (Minor) at 6:46, Derek Meech (UTI) for Hooking (Minor) at 7:52

3rd period

No Goal

Penalties :
Jared Boll (UTI) for Holding (Minor) at 16:24

Goalie Stats

Peter Budaj (GRG), 21 saves from 23 shots - (0.913), L, 7-12-7, 60:00 minutes
Mike Condon (UTI), 13 saves from 13 shots - (1.000), W, 47-19-16, 60:00 minutes

Players Stats for Griffins

Player Name              G  A  P  +/- PIM S  H  SB GA TA FO     MP     PP MP  PK MP  
------------------------------------------------------------------------------------
Damien Brunner           0  0  0   0  0   0  0  0  0  0  0/0     0:00   0:00   0:00 
Derek Forbort            0  0  0   0  0   0  2  1  0  1  0/0    26:10   5:52   3:10 
Dylan Reese              0  0  0   0  0   0  2  4  0  4  0/0    21:14   5:49   0:00 
FARM PLAYER21            0  0  0   0  0   0  0  0  0  0  0/0    18:06   0:00   3:10 
FARM PLAYER3             0  0  0   0  0   0  1  0  0  0  0/0    17:48   0:54   1:52 
Joel Armia               0  0  0   0  0   1  1  0  4  4  1/1    15:21   0:00   0:00 
Logan Shaw               0  0  0   0  0   0  1  0  0  1  0/0     4:01   0:00   0:00 
Mark Mancari             0  0  0  -1  7   3  4  0  1  2  0/1    17:35   4:27   0:00 
Matt Frattin             0  0  0  -1  0   1  0  2  1  0  3/6    22:42   3:50   3:28 
Mattias Backman          0  0  0  -2  0   0  0  0  0  2  0/0    20:01   3:09   1:54 
Melker Karlsson          0  0  0   0  0   0  0  0  0  0  0/1     0:46   0:00   0:00 
Michael Bournival        0  0  0   0  0   2  1  1  4  0  0/2    17:34   4:31   1:03 
Mike Angelidis           0  0  0  -1  2   3  3  0  2  1  1/1    18:32   4:30   0:00 
Mike Keenan              0  0  0  -2  0   0  1  0  0  1  0/0    21:23   3:09   1:54 
Peter Regin              0  0  0  -1  0   2  0  0  0  0  8/15   19:52   4:20   1:03 
Stefan Matteau           0  0  0   0  0   0  0  0  0  1  0/0    15:21   0:00   0:00 
T.J. Hensick             0  0  0   0  0   1  3  1  2  2  2/3    15:51   0:00   0:30 
Tim Schaller             0  0  0  -1  2   0  1  1  1  1  7/9    21:37   4:34   2:12 

Players Stats for Comets

Player Name              G  A  P  +/- PIM S  H  SB GA TA FO     MP     PP MP  PK MP  
------------------------------------------------------------------------------------
Adam Pardy               0  0  0   1  0   1  4  0  4  0  0/0    25:59   2:37   6:07 
Andrew Ference           0  0  0   1  2   2  3  0  3  1  0/0    27:56   2:37   4:50 
Ben Hanowski             0  0  0   0  0   1  0  0  1  0  1/2    11:12   0:00   2:08 
Corbin McPherson         0  0  0   0  0   0  1  0  0  0  0/0     5:01   0:00   1:48 
Derek Meech              0  0  0   0  2   1  1  0  0  2  0/0    23:10   2:26   0:00 
Dylan McIlrath           0  0  0   1  0   1  0  0  1  0  0/0    17:49   0:00   2:23 
Jared Boll               0  0  0   0  7   1  4  0  0  1  0/1    16:26   1:32   2:10 
Jay Beagle               0  1  1   1  2   1  0  0  0  1  2/4    13:39   0:00   0:00 
Jeremy Welsh             0  0  0   0  0   0  0  0  3  0  5/10   12:21   2:20   0:00 
Kent Huskins             0  0  0   1  0   1  3  0  0  0  0/0    19:42   2:27   2:54 
Landon Ferraro           0  0  0   0  0   1  2  0  0  0  2/6    16:45   2:44   0:00 
Mat Clark                0  0  0   0  0   0  0  0  0  0  0/0     0:43   0:00   0:00 
Mike Sislo               1  0  1   1  0   4  1  1  4  0  0/3    20:10   2:20   6:25 
Nicklas Jensen           0  0  0   1  0   1  0  0  2  0  0/1    15:01   0:23   0:00 
Reid Boucher             1  0  1   1  0   2  0  0  3  0  0/1    16:06   1:00   0:00 
Scott Glennie            0  0  0   0  2   1  1  0  0  0  0/0     7:21   0:00   0:00 
Sven Baertschi           0  0  0   0  0   2  1  0  5  0  1/1    18:54   2:44   2:36 
Tyler Kennedy            0  1  1   1  0   3  0  0  3  2  6/10   21:40   2:09   4:43 

3 Stars

1 - Mike Condon (UTI)
2 - Mike Sislo (UTI)
3 - Reid Boucher (UTI)

Power Play

Griffins - 0 on 5 Attempt(s) - 0.00%
Comets - 0 on 3 Attempt(s) - 0.00%

Penalty Kill

Griffins - 3 on 3 Attempt(s) - 100.00% - Score 0 goal in Penalty Kill
Comets - 5 on 5 Attempt(s) - 100.00% - Score 0 goal in Penalty Kill

Team Stat

Griffins - Hits : 20 - Faceoff Wins : 22 - Blocked Shots : 10 - Penalty Minutes : 11
Comets - Hits : 21 - Faceoff Wins : 17 - Blocked Shots : 1 - Penalty Minutes : 15

Official

Referees : Unknown
Linesman : Unknown

Game Notes

Corbin McPherson is injured at 15:58 of 1st period (Groin)
Mark Mancari beats up Jared Boll at 1:13 of 2nd period

Finance

Level 1 -- Attendance: 1527 (76.35%) -- Ticket Income $53,445
Level 2 -- Attendance: 753 (75.30%) -- Ticket Income $11,295
Total Attendance: 2280 (76.00%)
Total Ticket Income: $64,740
Other Income: $31,723
Total Income: $96,463

Griffins

5 vs 5 Forward 
   Center                   Left Wing                Right Wing               Time % Phy DF OF 
 1 Tim Schaller             Matt Frattin             Michael Bournival        35     1   2  2  
 2 Peter Regin              Mike Angelidis           Mark Mancari             30     1   2  2  
 3 T.J. Hensick             Stefan Matteau           Joel Armia               22     1   2  2  
 4 Matt Frattin             Tim Schaller             Logan Shaw               13     1   2  2  

5 vs 5 Defense 
   Defense                  Defense                                           Time % Phy DF OF 
 1 Dylan Reese              Derek Forbort                                     35     1   2  2  
 2 Mike Keenan              Mattias Backman                                   30     1   2  2  
 3 FARM PLAYER3             FARM PLAYER21                                     22     1   2  2  
 4 Mike Keenan              Derek Forbort                                     13     1   2  2  

PowerPlay Forward 
   Center                   Left Wing                Right Wing               Time % Phy DF OF 
 1 Tim Schaller             Matt Frattin             Michael Bournival        60     1   2  2  
 2 Peter Regin              Mike Angelidis           Mark Mancari             40     1   2  2  

PowerPlay Defense
   Defense                  Defense                                           Time % Phy DF OF 
 1 Dylan Reese              Derek Forbort                                     60     1   2  2  
 2 Mike Keenan              Mattias Backman                                   40     1   2  2  

Penalty Kill 4 Players Forward 
   Center                   Wing                     Time % Phy DF OF 
 1 Matt Frattin             Tim Schaller             60     1   2  2  
 2 Michael Bournival        Peter Regin              40     1   2  2  

Penalty Kill 4 Players Defense
   Defense                  Defense                  Time % Phy DF OF 
 1 FARM PLAYER21            Derek Forbort            60     1   2  2  
 2 Mike Keenan              Mattias Backman          40     1   2  2  

Penalty Kill - 3 Players Forward 
   Forward                                           Time % Phy DF OF 
 1 Matt Frattin                                      60     1   2  2  
 2 Tim Schaller                                      40     1   2  2  

Penalty Kill - 3 Players Defense
   Defense                  Defense                  Time % Phy DF OF 
 1 Dylan Reese              Derek Forbort            60     1   2  2  
 2 Mike Keenan              Mattias Backman          40     1   2  2  

4 vs 4 Forward 
   Center                   Wing                     Time % Phy DF OF 
 1 Matt Frattin             Tim Schaller             60     1   2  2  
 2 Michael Bournival        Peter Regin              40     1   2  2  

4 vs 4 Defense
   Defense                  Defense                  Time % Phy DF OF 
 1 FARM PLAYER3             Derek Forbort            60     1   2  2  
 2 Mike Keenan              Mattias Backman          40     1   2  2  

Last Minutes Offensive
   Center                   Left Wing                Right Wing               Defense                  Defense                  
   Tim Schaller             Matt Frattin             Michael Bournival        Dylan Reese              Derek Forbort            

Last Minutes Defensive
   Center                   Left Wing                Right Wing               Defense                  Defense                  
   Tim Schaller             Matt Frattin             Michael Bournival        Dylan Reese              Derek Forbort            

Goaltenders
Starting : Peter Budaj              
Backup : Jack Campbell            

Extra Forwards
Normal : Matt Frattin, Tim Schaller, T.J. Hensick - PP : Matt Frattin, Tim Schaller - PK : T.J. Hensick
Extra Defensemen
Normal : FARM PLAYER3, FARM PLAYER21, Mike Keenan - PP : FARM PLAYER3 - PK : FARM PLAYER21, Mike Keenan
Penalty Shots
Matt Frattin, Tim Schaller, Michael Bournival, Peter Regin, Mike Angelidis

Comets

5 vs 5 Forward 
   Center                   Left Wing                Right Wing               Time % Phy DF OF 
 1 Jeremy Welsh             Tyler Kennedy            Mike Sislo               35     1   2  2  
 2 Landon Ferraro           Sven Baertschi           Jared Boll               30     1   2  2  
 3 Jay Beagle               Reid Boucher             Nicklas Jensen           22     1   2  2  
 4 Tyler Kennedy            Ben Hanowski             Scott Glennie            13     1   2  2  

5 vs 5 Defense 
   Defense                  Defense                                           Time % Phy DF OF 
 1 Andrew Ference           Adam Pardy                                        35     1   2  2  
 2 Derek Meech              Kent Huskins                                      30     1   2  2  
 3 Derek Meech              Corbin McPherson                                  22     1   2  2  
 4 Dylan McIlrath           Andrew Ference                                    13     1   2  2  

PowerPlay Forward 
   Center                   Left Wing                Right Wing               Time % Phy DF OF 
 1 Jeremy Welsh             Tyler Kennedy            Mike Sislo               60     1   2  2  
 2 Landon Ferraro           Sven Baertschi           Jared Boll               40     1   2  2  

PowerPlay Defense
   Defense                  Defense                                           Time % Phy DF OF 
 1 Andrew Ference           Adam Pardy                                        60     1   2  2  
 2 Derek Meech              Kent Huskins                                      40     1   2  2  

Penalty Kill 4 Players Forward 
   Center                   Wing                     Time % Phy DF OF 
 1 Tyler Kennedy            Mike Sislo               60     1   2  2  
 2 Sven Baertschi           Jared Boll               40     1   2  2  

Penalty Kill 4 Players Defense
   Defense                  Defense                  Time % Phy DF OF 
 1 Andrew Ference           Adam Pardy               60     1   2  2  
 2 Corbin McPherson         Kent Huskins             40     1   2  2  

Penalty Kill - 3 Players Forward 
   Forward                                           Time % Phy DF OF 
 1 Tyler Kennedy                                     60     1   2  2  
 2 Mike Sislo                                        40     1   2  2  

Penalty Kill - 3 Players Defense
   Defense                  Defense                  Time % Phy DF OF 
 1 Andrew Ference           Adam Pardy               60     1   2  2  
 2 Dylan McIlrath           Kent Huskins             40     1   2  2  

4 vs 4 Forward 
   Center                   Wing                     Time % Phy DF OF 
 1 Tyler Kennedy            Mike Sislo               60     1   2  2  
 2 Sven Baertschi           Jared Boll               40     1   2  2  

4 vs 4 Defense
   Defense                  Defense                  Time % Phy DF OF 
 1 Andrew Ference           Adam Pardy               60     1   2  2  
 2 Derek Meech              Kent Huskins             40     1   2  2  

Last Minutes Offensive
   Center                   Left Wing                Right Wing               Defense                  Defense                  
   Jeremy Welsh             Tyler Kennedy            Mike Sislo               Andrew Ference           Adam Pardy               

Last Minutes Defensive
   Center                   Left Wing                Right Wing               Defense                  Defense                  
   Jeremy Welsh             Tyler Kennedy            Mike Sislo               Andrew Ference           Adam Pardy               

Goaltenders
Starting : Mike Condon              
Backup : Chris Driedger           

Extra Forwards
Normal : Reid Boucher, Nicklas Jensen, Ben Hanowski - PP : Reid Boucher, Nicklas Jensen - PK : Ben Hanowski
Extra Defensemen
Normal : Derek Meech, Corbin McPherson, Dylan McIlrath - PP : Derek Meech - PK : Corbin McPherson, Dylan McIlrath
Penalty Shots
Tyler Kennedy, Mike Sislo, Sven Baertschi, Jared Boll, Reid Boucher

% Time on Ice - Griffins

Lines # - Real PCT - Wanted PCT - Time Play
Normal Forward
1 - 25% - 35% - 11:10
2 - 32% - 30% - 14:29
3 - 34% - 22% - 15:21
4 - 9% - 13% - 4:01
Normal Defense
1 - 35% - 35% - 15:41
2 - 32% - 30% - 14:13
3 - 30% - 22% - 13:30
4 - 4% - 13% - 1:37
PP Forward
1 - 51% - 60% - 4:34
2 - 49% - 40% - 4:28
PP Defense
1 - 65% - 60% - 5:53
2 - 35% - 40% - 3:09
PK Forward
1 - 79% - 60% - 4:01
2 - 21% - 40% - 1:03
PK Defense
1 - 63% - 60% - 3:10
2 - 38% - 40% - 1:54
PK3 Forward
1 - 0% - 60%
2 - 0% - 40%
PK3 Defense
1 - 0% - 60%
2 - 0% - 40%
44 Forward
1 - 100% - 60% - 0:53
2 - 0% - 40% - 0:00
44 Defense
1 - 15% - 60% - 0:08
2 - 85% - 40% - 0:45
Last Minute Offensive  - 0:00
Last Minute Defensive  - 0:00
Total
Forward - 60:00
Defense - 60:00

% Time on Ice - Comets

Lines # - Real PCT - Wanted PCT - Time Play
Normal Forward
1 - 23% - 35% - 10:32
2 - 30% - 30% - 13:34
3 - 30% - 22% - 13:33
4 - 16% - 13% - 7:22
Normal Defense
1 - 27% - 35% - 12:14
2 - 24% - 30% - 10:46
3 - 37% - 22% - 16:34
4 - 12% - 13% - 5:27
PP Forward
1 - 46% - 60% - 2:20
2 - 54% - 40% - 2:44
PP Defense
1 - 52% - 60% - 2:37
2 - 48% - 40% - 2:27
PK Forward
1 - 71% - 60% - 6:26
2 - 29% - 40% - 2:36
PK Defense
1 - 68% - 60% - 6:07
2 - 32% - 40% - 2:55
PK3 Forward
1 - 0% - 60%
2 - 0% - 40%
PK3 Defense
1 - 0% - 60%
2 - 0% - 40%
44 Forward
1 - 100% - 60% - 0:53
2 - 0% - 40% - 0:00
44 Defense
1 - 100% - 60% - 0:53
2 - 0% - 40% - 0:00
Last Minute Offensive  - 0:00
Last Minute Defensive  - 0:00
Total
Forward - 60:00
Defense - 60:00

Play by Play

1st period


0:01 of 1st period - Jeremy Welsh wins face-off versus Michael Bournival in neutral zone.
0:31 of 1st period - Snap shot by Tyler Kennedy.
0:31 of 1st period - Stopped by Peter Budaj with a rebound.
0:33 of 1st period - Slapshot by Andrew Ference.
0:33 of 1st period - Deflect By Mike Sislo.
0:33 of 1st period - Stopped by Peter Budaj with a rebound.
0:55 of 1st period - Slapshot by Landon Ferraro.
0:55 of 1st period - Stopped by Peter Budaj with a rebound.
0:57 of 1st period - Snap shot by Sven Baertschi.
0:57 of 1st period - Stopped by Peter Budaj with a rebound.
0:59 of 1st period - Snap shot by Derek Meech.
0:59 of 1st period - Shot Blocked by Dylan Reese.
1:01 of 1st period - Slapshot by Kent Huskins.
1:01 of 1st period - Stopped by Peter Budaj with a rebound.
1:40 of 1st period - Minor Penalty to Mark Mancari for Roughing.
1:41 of 1st period - Matt Frattin wins face-off versus Tyler Kennedy in Griffins zone.
1:59 of 1st period - Matt Frattin is hit by Andrew Ference and loses puck.
2:30 of 1st period - Michael Bournival is hit by Jared Boll and loses puck.
3:40 of 1st period - Penalty to Mark Mancari is over, Mark Mancari is back on ice.
4:32 of 1st period - Snap shot by Scott Glennie.
4:32 of 1st period - Shot Blocked by T.J. Hensick.
4:34 of 1st period - Slapshot by Andrew Ference.
4:34 of 1st period - Deflect By Ben Hanowski.
4:34 of 1st period - Stopped by Peter Budaj without a rebound.
4:35 of 1st period - Tyler Kennedy wins face-off versus Peter Regin in Griffins zone.
4:50 of 1st period - Slapshot by Mike Angelidis.
4:50 of 1st period - Stopped by Mike Condon with a rebound.
5:15 of 1st period - Reid Boucher is hit by Joel Armia and loses puck.
5:41 of 1st period - Wrist shot by Tyler Kennedy.
5:41 of 1st period - Shot Blocked by Michael Bournival.
5:43 of 1st period - Slapshot by Derek Meech.
5:43 of 1st period - Shot Blocked by Matt Frattin.
6:02 of 1st period - Snap shot by Sven Baertschi.
6:02 of 1st period - Shot Blocked by Matt Frattin.
6:40 of 1st period - Mark Mancari is hit by Derek Meech and loses puck.
6:52 of 1st period - Icing by Mike Keenan.
6:53 of 1st period - Tyler Kennedy wins face-off versus Peter Regin in Griffins zone.
6:54 of 1st period - Snap shot by Andrew Ference.
6:54 of 1st period - Stopped by Peter Budaj with a rebound.
7:08 of 1st period - Andrew Ference is hit by T.J. Hensick.
7:16 of 1st period - Joel Armia is hit by Adam Pardy and loses puck.
7:43 of 1st period - Icing by Sven Baertschi.
7:44 of 1st period - Peter Regin wins face-off versus Landon Ferraro in Comets zone.
8:03 of 1st period - Wrist shot by Mark Mancari.
8:03 of 1st period - Stopped by Mike Condon with a rebound.
8:56 of 1st period - Minor Penalty to Andrew Ference for Roughing.
8:57 of 1st period - Tyler Kennedy wins face-off versus Peter Regin in Comets zone.
8:57 of 1st period - Tyler Kennedy is hit by Mark Mancari.
9:16 of 1st period - Snap shot by Peter Regin.
9:16 of 1st period - Stopped by Mike Condon with a rebound.
9:37 of 1st period - Slapshot by Michael Bournival.
9:37 of 1st period - Stopped by Mike Condon without a rebound.
9:38 of 1st period - Tim Schaller wins face-off versus Ben Hanowski in Comets zone.
10:03 of 1st period - Adam Pardy is hit by Mike Angelidis and loses puck.
10:09 of 1st period - Off-side.
10:10 of 1st period - Tim Schaller wins face-off versus Tyler Kennedy in neutral zone.
10:56 of 1st period - Penalty to Andrew Ference is over, Andrew Ference is back on ice.
11:25 of 1st period - Jay Beagle is hit by Mike Keenan and loses puck.
11:34 of 1st period - Slapshot by Joel Armia.
11:34 of 1st period - Shot Misses the Net.
11:40 of 1st period - T.J. Hensick is hit by Corbin McPherson and loses puck.
11:59 of 1st period - Snap shot by Landon Ferraro.
11:59 of 1st period - Shot Misses the Net.
12:01 of 1st period - Slapshot by Dylan McIlrath.
12:01 of 1st period - Stopped by Peter Budaj with a rebound.
13:25 of 1st period - Mattias Backman is hit by Landon Ferraro and loses puck.
14:32 of 1st period - Minor Penalty to Scott Glennie for High sticking.
14:33 of 1st period - Tyler Kennedy wins face-off versus Michael Bournival in Comets zone.
15:11 of 1st period - Wrist shot by Mark Mancari.
15:11 of 1st period - Shot Misses the Net.
15:23 of 1st period - Icing by Mike Angelidis.
15:24 of 1st period - Peter Regin wins face-off versus Jared Boll in Griffins zone.
15:57 of 1st period - Corbin McPherson is hit by Mike Angelidis and loses puck.
15:58 of 1st period - Corbin McPherson from Comets is injured at 15:58 of 1st period (Groin).
15:59 of 1st period - Tyler Kennedy wins face-off versus Tim Schaller in Comets zone.
16:14 of 1st period - Snap shot by Michael Bournival.
16:14 of 1st period - Deflect By Matt Frattin.
16:14 of 1st period - Shot Blocked by Mike Sislo.
16:14 of 1st period - Puck is out of play.
16:15 of 1st period - Tim Schaller wins face-off versus Tyler Kennedy in Comets zone.
16:32 of 1st period - Penalty to Scott Glennie is over, Scott Glennie is back on ice.
16:38 of 1st period - Snap shot by Michael Bournival.
16:38 of 1st period - Shot Misses the Net.
17:03 of 1st period - Matt Frattin is hit by Jared Boll and loses puck.
17:49 of 1st period - Minor Penalty to Jay Beagle for Tripping.
17:50 of 1st period - Peter Regin wins face-off versus Mike Sislo in Comets zone.
17:52 of 1st period - Snap shot by Mike Angelidis.
17:52 of 1st period - Shot Misses the Net.
19:14 of 1st period - Tim Schaller is hit by Sven Baertschi and loses puck.
19:40 of 1st period - Wrist shot by Mike Sislo.
19:40 of 1st period - Stopped by Peter Budaj with a rebound.
19:49 of 1st period - Penalty to Jay Beagle is over, Jay Beagle is back on ice.
Goals for this period are 0 for Griffins vs 0 for Comets.
Shots for this period are 4 for Griffins vs 9 for Comets.

2nd period


0:01 of 2nd period - Tim Schaller wins face-off versus Jeremy Welsh in neutral zone.
1:07 of 2nd period - Landon Ferraro is hit by Mark Mancari and loses puck.
1:12 of 2nd period - Wrist shot by Mark Mancari.
1:12 of 2nd period - Stopped by Mike Condon with a rebound.
1:13 of 2nd period - Mark Mancari beats up Jared Boll.
1:13 of 2nd period - Penalty to Jared Boll for Fighting.
1:13 of 2nd period - Penalty to Mark Mancari for Fighting.
1:14 of 2nd period - Mike Angelidis wins face-off versus Mike Sislo in Comets zone.
2:05 of 2nd period - Landon Ferraro is hit by Dylan Reese and loses puck.
2:19 of 2nd period - T.J. Hensick is hit by Landon Ferraro and loses puck.
2:46 of 2nd period - T.J. Hensick is hit by Adam Pardy and loses puck.
3:14 of 2nd period - Minor Penalty to Tim Schaller for Holding.
3:15 of 2nd period - Jeremy Welsh wins face-off versus Matt Frattin in Griffins zone.
3:50 of 2nd period - Matt Frattin is hit by Kent Huskins and loses puck.
5:14 of 2nd period - Penalty to Tim Schaller is over, Tim Schaller is back on ice.
5:33 of 2nd period - Wrist shot by Tyler Kennedy.
5:33 of 2nd period - Stopped by Peter Budaj with a rebound.
6:19 of 2nd period - Icing by T.J. Hensick.
6:20 of 2nd period - Jeremy Welsh wins face-off versus T.J. Hensick in Griffins zone.
6:21 of 2nd period - Snap shot by Mike Sislo.
6:21 of 2nd period - Stopped by Peter Budaj with a rebound.
6:46 of 2nd period - Minor Penalty to Mike Angelidis for Holding.
6:47 of 2nd period - T.J. Hensick wins face-off versus Landon Ferraro in Griffins zone.
6:47 of 2nd period - T.J. Hensick is hit by Jared Boll.
7:52 of 2nd period - Minor Penalty to Derek Meech for Hooking.
7:53 of 2nd period - Tyler Kennedy wins face-off versus Matt Frattin in Comets zone.
7:58 of 2nd period - Wrist shot by Mike Sislo.
7:58 of 2nd period - Goal by Mike Sislo - Griffins : 0 - Comets : 1.
7:59 of 2nd period - Matt Frattin wins face-off versus Mike Sislo in neutral zone.
8:02 of 2nd period - Mike Sislo is hit by Tim Schaller.
8:46 of 2nd period - Penalty to Mike Angelidis is over, Mike Angelidis is back on ice.
9:13 of 2nd period - Andrew Ference is hit by Mike Angelidis and loses puck.
9:22 of 2nd period - Slapshot by Mike Angelidis.
9:22 of 2nd period - Shot Misses the Net.
9:24 of 2nd period - Wrist shot by Mark Mancari.
9:24 of 2nd period - Shot Misses the Net.
9:26 of 2nd period - Slapshot by Mike Angelidis.
9:26 of 2nd period - Shot Misses the Net.
9:42 of 2nd period - Andrew Ference is hit by FARM PLAYER3 and loses puck.
9:52 of 2nd period - Penalty to Derek Meech is over, Derek Meech is back on ice.
10:19 of 2nd period - Jay Beagle is hit by T.J. Hensick and loses puck.
10:36 of 2nd period - Wrist shot by Jay Beagle.
10:36 of 2nd period - Stopped by Peter Budaj with a rebound.
10:38 of 2nd period - Snap shot by Nicklas Jensen.
10:38 of 2nd period - Shot Misses the Net.
10:40 of 2nd period - Slapshot by Derek Meech.
10:40 of 2nd period - Deflect By Reid Boucher.
10:40 of 2nd period - Shot Misses the Net.
10:40 of 2nd period - Puck is out of play.
10:41 of 2nd period - Landon Ferraro wins face-off versus Peter Regin in Griffins zone.
11:24 of 2nd period - Derek Meech is hit by Michael Bournival and loses puck.
11:55 of 2nd period - Slapshot by Reid Boucher.
11:55 of 2nd period - Stopped by Peter Budaj with a rebound.
12:01 of 2nd period - Snap shot by Reid Boucher.
12:01 of 2nd period - Shot Misses the Net.
12:03 of 2nd period - Wrist shot by Nicklas Jensen.
12:03 of 2nd period - Deflect By Joel Armia.
12:03 of 2nd period - Shot Misses the Net.
12:03 of 2nd period - Puck is out of play.
12:04 of 2nd period - Landon Ferraro wins face-off versus Peter Regin in Griffins zone.
12:33 of 2nd period - Mark Mancari is hit by Andrew Ference and loses puck.
12:50 of 2nd period - Slapshot by Michael Bournival.
12:50 of 2nd period - Stopped by Mike Condon without a rebound.
12:51 of 2nd period - Tim Schaller wins face-off versus Jay Beagle in Comets zone.
12:56 of 2nd period - Snap shot by Matt Frattin.
12:56 of 2nd period - Stopped by Mike Condon without a rebound.
12:57 of 2nd period - Tim Schaller wins face-off versus Jay Beagle in Comets zone.
13:49 of 2nd period - Mattias Backman is hit by Jared Boll and loses puck.
14:52 of 2nd period - Wrist shot by Scott Glennie.
14:52 of 2nd period - Stopped by Peter Budaj with a rebound.
15:05 of 2nd period - Off-side.
15:06 of 2nd period - Jay Beagle wins face-off versus Peter Regin in neutral zone.
15:09 of 2nd period - Wrist shot by Reid Boucher.
15:09 of 2nd period - Goal by Reid Boucher - Griffins : 0 - Comets : 2.
15:10 of 2nd period - Jay Beagle wins face-off versus Peter Regin in neutral zone.
15:43 of 2nd period - Snap shot by Reid Boucher.
15:43 of 2nd period - Shot Blocked by Derek Forbort.
15:45 of 2nd period - Slapshot by Kent Huskins.
15:45 of 2nd period - Shot Misses the Net.
15:47 of 2nd period - Wrist shot by Derek Meech.
15:47 of 2nd period - Stopped by Peter Budaj with a rebound.
16:03 of 2nd period - Slapshot by Sven Baertschi.
16:03 of 2nd period - Shot Misses the Net.
16:09 of 2nd period - Andrew Ference is hit by Mark Mancari and loses puck.
16:48 of 2nd period - Wrist shot by Mike Sislo.
16:48 of 2nd period - Deflect By Tyler Kennedy.
16:48 of 2nd period - Shot Blocked by Tim Schaller.
16:48 of 2nd period - Puck is out of play.
16:49 of 2nd period - Jeremy Welsh wins face-off versus Matt Frattin in Griffins zone.
17:42 of 2nd period - Nicklas Jensen is hit by T.J. Hensick and loses puck.
19:12 of 2nd period - Wrist shot by Ben Hanowski.
19:12 of 2nd period - Shot Hit the Post.
Goals for this period are 0 for Griffins vs 2 for Comets.
Shots for this period are 3 for Griffins vs 8 for Comets.

3rd period


0:01 of 3rd period - Jeremy Welsh wins face-off versus Tim Schaller in neutral zone.
0:12 of 3rd period - Snap shot by Tyler Kennedy.
0:12 of 3rd period - Shot Blocked by Dylan Reese.
0:14 of 3rd period - Snap shot by Andrew Ference.
0:14 of 3rd period - Shot Misses the Net.
0:16 of 3rd period - Slapshot by Andrew Ference.
0:16 of 3rd period - Shot Misses the Net.
0:48 of 3rd period - Peter Regin is hit by Adam Pardy and loses puck.
0:57 of 3rd period - Wrist shot by Jared Boll.
0:57 of 3rd period - Shot Misses the Net.
1:03 of 3rd period - Derek Meech is hit by Mark Mancari and loses puck.
1:42 of 3rd period - Wrist shot by T.J. Hensick.
1:42 of 3rd period - Shot Misses the Net.
1:44 of 3rd period - Slapshot by Joel Armia.
1:44 of 3rd period - Stopped by Mike Condon with a rebound.
1:46 of 3rd period - Snap shot by Joel Armia.
1:46 of 3rd period - Shot Hit the Post.
2:18 of 3rd period - Snap shot by Reid Boucher.
2:18 of 3rd period - Deflect By Nicklas Jensen.
2:18 of 3rd period - Stopped by Peter Budaj with a rebound.
2:20 of 3rd period - Snap shot by Andrew Ference.
2:20 of 3rd period - Stopped by Peter Budaj without a rebound.
2:21 of 3rd period - Tim Schaller wins face-off versus Jeremy Welsh in Griffins zone.
2:34 of 3rd period - Wrist shot by Michael Bournival.
2:34 of 3rd period - Shot Misses the Net.
2:48 of 3rd period - Snap shot by Tyler Kennedy.
2:48 of 3rd period - Stopped by Peter Budaj with a rebound.
2:50 of 3rd period - Wrist shot by Tyler Kennedy.
2:50 of 3rd period - Shot Misses the Net.
2:54 of 3rd period - Snap shot by Tyler Kennedy.
2:54 of 3rd period - Shot Misses the Net.
3:48 of 3rd period - Mike Keenan is hit by Adam Pardy and loses puck.
6:52 of 3rd period - Snap shot by Sven Baertschi.
6:52 of 3rd period - Shot Misses the Net.
6:54 of 3rd period - Slapshot by Adam Pardy.
6:54 of 3rd period - Deflect By Jared Boll.
6:54 of 3rd period - Stopped by Peter Budaj with a rebound.
7:00 of 3rd period - Slapshot by Sven Baertschi.
7:00 of 3rd period - Stopped by Peter Budaj with a rebound.
7:48 of 3rd period - Nicklas Jensen is hit by Derek Forbort and loses puck.
8:05 of 3rd period - Andrew Ference is hit by Derek Forbort and loses puck.
8:36 of 3rd period - T.J. Hensick is hit by Scott Glennie.
8:40 of 3rd period - Snap shot by Joel Armia.
8:40 of 3rd period - Shot Misses the Net.
8:53 of 3rd period - Off-side.
8:54 of 3rd period - Sven Baertschi wins face-off versus Melker Karlsson in neutral zone.
9:07 of 3rd period - Sven Baertschi is hit by Logan Shaw and loses puck.
10:24 of 3rd period - Slapshot by Adam Pardy.
10:24 of 3rd period - Deflect By Scott Glennie.
10:24 of 3rd period - Shot Misses the Net.
10:24 of 3rd period - Puck is out of play.
10:25 of 3rd period - Matt Frattin wins face-off versus Nicklas Jensen in Griffins zone.
10:34 of 3rd period - Slapshot by Adam Pardy.
10:34 of 3rd period - Stopped by Peter Budaj with a rebound.
11:32 of 3rd period - Mark Mancari is hit by Andrew Ference and loses puck.
12:27 of 3rd period - Michael Bournival is hit by Kent Huskins and loses puck.
13:03 of 3rd period - Icing by Derek Meech.
13:04 of 3rd period - Peter Regin wins face-off versus Reid Boucher in Comets zone.
14:20 of 3rd period - Wrist shot by Peter Regin.
14:20 of 3rd period - Stopped by Mike Condon without a rebound.
14:21 of 3rd period - Ben Hanowski wins face-off versus Mark Mancari in Comets zone.
15:13 of 3rd period - Snap shot by Jeremy Welsh.
15:13 of 3rd period - Shot Misses the Net.
15:24 of 3rd period - Icing by Jeremy Welsh.
15:25 of 3rd period - Peter Regin wins face-off versus Jeremy Welsh in Comets zone.
15:26 of 3rd period - Snap shot by Mike Angelidis.
15:26 of 3rd period - Stopped by Mike Condon without a rebound.
15:27 of 3rd period - Peter Regin wins face-off versus Jeremy Welsh in Comets zone.
15:39 of 3rd period - Icing by Jeremy Welsh.
15:40 of 3rd period - Peter Regin wins face-off versus Jeremy Welsh in Comets zone.
15:49 of 3rd period - T.J. Hensick is hit by Kent Huskins and loses puck.
16:01 of 3rd period - Off-side.
16:02 of 3rd period - Joel Armia wins face-off versus Landon Ferraro in neutral zone.
16:24 of 3rd period - Minor Penalty to Jared Boll for Holding.
16:25 of 3rd period - Peter Regin wins face-off versus Tyler Kennedy in Comets zone.
16:34 of 3rd period - Wrist shot by Mike Angelidis.
16:34 of 3rd period - Stopped by Mike Condon with a rebound.
16:40 of 3rd period - Backhand shot by Tyler Kennedy.
16:40 of 3rd period - Shot Misses the Net.
16:42 of 3rd period - Snap shot by Tyler Kennedy.
16:42 of 3rd period - Shot Blocked by Dylan Reese.
16:44 of 3rd period - Snap shot by Andrew Ference.
16:44 of 3rd period - Shot Blocked by Dylan Reese.
16:54 of 3rd period - Kent Huskins is hit by Dylan Reese.
17:33 of 3rd period - Snap shot by Mike Angelidis.
17:33 of 3rd period - Deflect By Mark Mancari.
17:33 of 3rd period - Stopped by Mike Condon with a rebound.
17:43 of 3rd period - Mattias Backman is hit by Mike Sislo and loses puck.
17:48 of 3rd period - Slapshot by Mike Sislo.
17:48 of 3rd period - Shot Misses the Net.
18:24 of 3rd period - Penalty to Jared Boll is over, Jared Boll is back on ice.
19:01 of 3rd period - Wrist shot by T.J. Hensick.
19:01 of 3rd period - Stopped by Mike Condon without a rebound.
19:02 of 3rd period - T.J. Hensick wins face-off versus Landon Ferraro in Comets zone.
Goals for this period are 0 for Griffins vs 0 for Comets.
Shots for this period are 6 for Griffins vs 6 for Comets.